 Dungeon Crawl Stone Soup version 0.26-a0-1086-g9010512d90 (webtiles) character file.

Game seed: 12882998369399611396

85 wythoutpain the Conjurer (level 4, -8/34 HPs)
             Began as a Draconian Conjurer on Dec 14, 2020.
             Mangled by Crazy Yiuf
             ... wielding a +2 quarterstaff of chaos
              (17 damage)
             ... on level 2 of the Dungeon on Dec 15, 2020.
             The game lasted 00:15:31 (1956 turns).

wythoutpain the Conjurer (Draconian Conjurer)       Turns: 1956, Time: 00:15:37

Health: -8/34      AC:  6    Str:  9    XL:     4   Next: 25%
Magic:  6/7        EV: 12    Int: 20    God:
Gold:   100        SH:  0    Dex:  9    Spells: 6/7 levels left

rFire    . . .     SeeInvis .   c - +0 spear
rCold    . . .     Faith    .   (no shield)
rNeg     . . .     Spirit   .   (armour unavailable)
rPois    .         Reflect  .   (helmet restricted)
rElec    .         Harm     .   (no cloak)
rCorr    .         Rampage  .   (no gloves)
Will     .....                  j - +0 pair of boots
Stlth    ++........             (no amulet)
HPRegen  0.11/turn              (no ring)
MPRegen  0.10/turn              (no ring)

@: no status effects
A: unfitting armour, cold-blooded, AC +5
a: no special abilities


You were on level 2 of the Dungeon.
You visited 1 branch of the dungeon, and saw 2 of its levels.

You collected 100 gold pieces.

Inventory:

Hand Weapons
 c - a +0 spear (weapon)
Missiles
 d - 28 stones
 e - 6 boomerangs of dispersal
Armour
 a - a +2 kite shield
 j - a +0 pair of boots (worn)
Scrolls
 b - a scroll of remove curse {unknown}
 i - a scroll of identify
Potions
 f - a potion of heal wounds
 g - a potion of resistance {unknown}


   Skills:
 + Level 0.7 Fighting
 + Level 1.1 Polearms
 + Level 2.3 Dodging
 + Level 2.0 Stealth
 + Level 2.4 Spellcasting
 + Level 4.8 Conjurations


You had 6 spell levels left.
You knew the following spells:

 Your Spells              Type           Power        Failure   Level
a - Magic Dart            Conj           ###.         1%          1

Your spell library contained the following spells:

 Spells                   Type           Power        Failure   Level
 Searing Ray              Conj           ###...       3%          2
 Dazzling Flash           Conj/Hex       ##....       17%         3
 Fulminant Prism          Conj/Hex       ##........   50%         4
 Iskenderun's Mystic Bla  Conj/Tloc      ##......     50%         4


Dungeon Overview and Level Annotations

Branches:
Dungeon (2/15)

Altars:

Annotations:
D:2 Crazy Yiuf


Innate Abilities, Weirdness & Mutations

Your plain brown scales are hard. (AC +5)
You cannot fit into any form of body armour.
You are cold-blooded and may be slowed by cold attacks.


Message History

Crazy Yiuf sings, "Trees, trees, trees, circus!"
Crazy Yiuf says, "Tosser cloud arga!"
Crazy Yiuf says, "Rot!
Earwax sing dark."
Crazy Yiuf says, "Shower!"
Things that are here:
a +0 dagger; a kobold corpse Crazy Yiuf says, "Rot eyeball tortoise!"
Crazy Yiuf whimpers, "Whippet!"
Crazy Yiuf says, "Whiteboard shoe leg!"
Aiming: Magic Dart (safe; 1% risk of failure)
Press: ? - help, Q - select action, (/) - cycle Shift-Dir - straight line, f/p - Crazy Yiuf
Aim: Crazy Yiuf, wielding a +2 quarterstaff of chaos and wearing a +0 cloak (moderately wounded, 0% to evade)
The magic dart hits Crazy Yiuf.
Crazy Yiuf is moderately wounded.
Crazy Yiuf says, "Island return to song agre!"
Crazy Yiuf hits you with a +2 quarterstaff of chaos.
* * * LOW HITPOINT WARNING * * *
You are electrocuted!
Ouch! That really hurt!
You die...

.# #............ .# ##.##.##.....
.# #..#..#....# .####.##.......#
...............#
..###.....##.##############
....#.##..##.###...........######
.#.(..##...#....................#
................@................
.####....###.....g..>..##........
####.†........#..>.....# #.####.#
#..†##..###...........###.####.#
#.#.†.......................<...
##.##..#..#.###.###...####.###...
#..##.###.#.###..........#.###.##
..##### ###.............)......#P
..#P......#÷....#########..(...#.


You could see Crazy Yiuf.

Vanquished Creatures
  A gnoll (D:1)
  2 adders (D:2)
  A worm (D:2)
  4 dart slugs
  4 leopard geckos
  3 bats
  A giant cockroach (D:1)
  3 goblins
  4 hobgoblins (D:1)
  2 jackals (D:1)
  A ball python (D:2)
  13 frilled lizards
  4 kobolds
  5 rats
48 creatures vanquished.

Notes
Turn   | Place    | Note
-------+----------+-------------------------------------------
     0 | D:1      | wythoutpain the Draconian Conjurer began the quest for the
                  | Orb.
     0 | D:1      | Reached XP level 1. HP: 14/14 MP: 3/3
   118 | D:1      | Reached XP level 2. HP: 20/20 MP: 0/5
   593 | D:1      | Reached XP level 3. HP: 11/26 MP: 4/6
  1609 | D:2      | Reached XP level 4. HP: 24/34 MP: 0/7
  1731 | D:2      | Reached skill level 1 in Polearms
  1901 | D:2      | Found a runed translucent door.
  1902 | D:2      | Noticed Crazy Yiuf
  1956 | D:2      | Mangled by Crazy Yiuf

Illustrated notes

Levels and vault maps discovered:
D:1:      saegor_arrival_simple_b, layout_rooms, ebering_dispersal_statue_hall,
          minmay_lizard_pond
D:2:      layout_rooms, gammafunk_temple_overflow_elements, serial_aquarium,
          aquarium_bridge_square [aquarium_subvault_window,
          aquarium_subvault_bridge, aquarium_subvault_bridge,
          aquarium_subvault_wall], aquarium_bridge_square
          [aquarium_subvault_wall, aquarium_subvault_bridge,
          aquarium_subvault_bridge, aquarium_subvault_wall], aquarium_window_3,
          aquarium_window_2, aquarium_view_2b, aquarium_balcony_1b,
          uniq_crazy_yiuf_cottage

Skill      XL: |  1  2  3  4 |
---------------+-------------+-----
Dodging        | 2 |  2.3
Polearms       | 1 |  1.1
Stealth        | 2 |  2.0
Fighting       | |  0.7
Spellcasting   | |  2.4
Conjurations   | |  4.8

Action                   |  1- 3 |  4- 6 || total
-------------------------+-------+-------++-------
Melee: Spear             |    85 |    12 ||    97
       Tailslap          |     5 |       ||     5
 Cast: Magic Dart        |    54 |    12 ||    66
  Use: Scroll            |     3 |       ||     3
 Stab: Sleeping          |     1 |     1 ||     2
Armor: Skin              |    23 |     1 ||    24
Dodge: Dodged            |    51 |     7 ||    58

Table legend: (Time is in decaauts)
 A = Elapsed time spent in this place.
 B = Non-inter-level travel time spent in this place.
 C = Inter-level travel time spent in this place.
 D = Time resting spent in this place.
 E = Time spent auto-exploring this place.
 F = Levels seen in this place.
 G = Mean time per level.
                   A        B        C        D        E       F      G
               +--------+--------+--------+--------+--------+-----+--------+
         Total |   1964 |   1954 |     10 |    819 |    723 |   2 |  982.0 |
       Dungeon |   1964 |   1954 |     10 |    819 |    723 |   2 |  982.0 |
               +--------+--------+--------+--------+--------+-----+--------+

Top non-repeatable levels by time:
     D:1: 1459 daAuts
     D:2: 504 daAuts
